 Dungeon Crawl Stone Soup version 0.31-a0-986-g5e6e4ef867 (webtiles) character file.

Game seed: 13508937333274092613

72904 pokeman the Sorcerer (level 15, -2/86 HPs)
             Began as a Deep Elf Hedge Wizard on Nov 20, 2023.
             Was a High Priest of Vehumet.
             Slain by a death yak (12 damage)
             ... while petrified by a basilisk
             ... on level 4 of the Lair of Beasts on Nov 21, 2023.
             The game lasted 01:08:26 (24011 turns).

pokeman the Sorcerer (Deep Elf Hedge Wizard)       Turns: 24011, Time: 01:08:27

Health: -2/86      AC:  7    Str: 12    XL:     15   Next: 2%
Magic:  25/60      EV:  2    Int: 27    God:    Vehumet [*****.]
Gold:   1788       SH:  0    Dex: 18    Spells: 12/57 levels left

rFire   + + .        y - staff of Voracious Watchfulness {rPois rF+ rN+ Stlth- Fire}
rCold   + . .        (no shield)
rNeg    + + +        U - +1 robe of the Onion {Str+5 Slay+2 Archmagi}
rPois   ∞            c - +1 helmet {SInv}
rElec   .            L - scarf {rC+ rF+}
rCorr   .            B - +0 pair of gloves of the Forest {+Inv Dex+4}
SInv    +            (no boots)
Will    +....        w - amulet of reflection
Stlth   +            l - ring of magical power
HPRegen 0.34/turn    W - ring of magical power
MPRegen 0.37/turn

%: reflection, archmagi
@: petrified, frozen, very slow
A: no striking features
a: Renounce Religion, Evoke Invisibility


You were on level 4 of the Lair of Beasts.
You worshipped Vehumet.
Vehumet was extremely pleased with you.
You visited 3 branches of the dungeon, and saw 20 of its levels.
You also visited: Gauntlet.

You collected 2760 gold pieces.
You spent 972 gold pieces at shops.

Inventory:

Hand Weapons
 q - the +3 short sword of Tez Urgh {vamp, rF+++ rC+ Str+4 Dex-2}
   (You found it on level 3 of the Dungeon)

   Str+4:     It affects your strength (+4).
   Dex-2:     It affects your dexterity (-2).
   rF+++:     It renders you almost immune to fire.
   rC+:       It protects you from cold.
Missiles
 H - 3 curare-tipped darts
Armour
 b - a +1 robe of cold resistance
 c - a +1 helmet of see invisible (worn)
 k - the +1 helmet "Xeinonal" {rN+}
   (You found it in a Gauntlet)

   rN+:       It protects you from negative energy.
 B - the +0 pair of gloves of the Forest (worn) {+Inv Dex+4}
   (You found it in a Gauntlet)

   Dex+4:     It affects your dexterity (+4).
   +Inv:      It lets you turn invisible.
 L - a scarf of resistance (worn)
 U - the +1 robe of the Onion (worn) {Str+5 Slay+2 Archmagi}
   (You found it on level 12 of the Dungeon)

   Str+5:     It affects your strength (+5).
   Slay+2:    It affects your accuracy & damage with ranged weapons and melee
   (+2).
   Archmagi:  It increases the power of your magical spells.
Magical Staves
 n - a staff of conjuration
 y - the staff of Voracious Watchfulness (weapon) {rPois rF+ rN+ Stlth- Fire}
   (You found it on level 4 of the Dungeon)

   [staff of fire]

   Base accuracy: +5 Base damage: 5 Base attack delay: 1.2 This weapon's minimum
   attack delay (0.6) is reached at skill level 12.
   rF+:       It protects you from fire.
   rPois:     It protects you from poison rN+: It protects you from negative
   energy.
   Stlth-:    It makes you less stealthy.
   Fire:      It increases the power of your Fire spells.
   It falls into the 'Staves' category.
   It is a one-handed weapon.
 P - a staff of air
Jewellery
 h - a ring of resist corrosion
 j - a ring of flight
 l - a ring of magical power (left hand)
 u - a ring of positive energy
 v - an amulet of regeneration
 w - an amulet of reflection (around neck)
 A - a ring of fire
 D - the ring "Finn" {rCorr Str+2}
   (You found it in a Gauntlet)

   [ring of resist corrosion]

   Str+2:     It affects your strength (+2).
   rCorr:     It protects you from acid and corrosion.
 E - a +4 ring of protection
 M - the ring "Ustyrub" {Ice rN++}
   (You found it in a Gauntlet)

   [ring of ice]

   Ice:       It enhances your ice magic.
   rF-:       It makes you vulnerable to fire.
   rC+:       It protects you from cold.
   rN++:      It greatly protects you from negative energy.
 W - a ring of magical power (right hand)
Wands
 f - a wand of polymorph (3)
 p - a wand of roots (2)
 s - a wand of quicksilver (16)
 x - a wand of digging (13)
 C - a wand of paralysis (12)
Scrolls
 e - 2 scrolls of enchant armour
 r - 3 scrolls of blinking
 t - 8 scrolls of teleportation
 z - a scroll of vulnerability
 F - 2 scrolls of identify
 G - 6 scrolls of revelation
 I - a scroll of fog
 J - 2 scrolls of poison
 K - 4 scrolls of enchant weapon
 N - a scroll of silence
Potions
 a - a potion of lignification
 d - 3 potions of magic
 g - 6 potions of heal wounds
 i - 3 potions of degeneration
 m - 4 potions of haste
 O - 7 potions of curing
 Q - a potion of brilliance
 Z - 2 potions of ambrosia
Miscellaneous
 o - a phantom mirror
 T - a phial of floods


   Skills:
 + Level 7.4 Fighting
 - Level 7.0 Armour
 - Level 3.0 Dodging
 - Level 3.0 Stealth
 * Level 21.8 Spellcasting
 + Level 13.3 Conjurations
 - Level 1.1 Summonings
 - Level 1.1 Translocations
 - Level 1.0 Transmutations
 + Level 12.9 Fire Magic
 - Level 1.0 Air Magic
 - Level 1.1 Earth Magic
 - Level 1.1 Poison Magic
 - Level 1.0 Evocations


You had 12 spell levels left.
You knew the following spells:

 Your Spells              Type           Power      Damage    Failure   Level
a - Magic Dart            Conj           100%       1d8       0%          1
b - Mephitic Cloud        Conj/Pois/Air  72%        N/A       1%          3
c - Call Imp              Summ           100%       N/A       1%          2
d - Blink                 Tloc           100%       N/A       1%          2
e - Fireball              Conj/Fire      61%        3d23      1%          5
f - Bombard               Conj/Erth      40%        9d7       2%          6
g - Iskenderun's Battles  Conj           100%       2d15      1%          5
h - Starburst             Conj/Fire      61%        6d16      1%          6
i - Irradiate             Conj/Tmut      40%        3d25      1%          5
j - Orb of Destruction    Conj           50%        9d13      1%          7
k - Stone Arrow           Conj/Erth      100%       3d13      1%          3

Your spell library contained the following spells:

 Spells                   Type           Power      Damage    Failure   Level
 Foxfire                  Conj/Fire      100%       2x1d9     0%          1
 Freeze                   Ice            100%       1d10      1%          1
 Kiss of Death            Conj/Necr      100%       2d13      1%          1
 Slow                     Hex            100%       N/A       1%          1
 Cigotuvi's Dreadful Rot  Necr/Pois/Air  98%        N/A       1%          2
 Ensorcelled Hibernation  Hex/Ice        88%        N/A       1%          2
 Jinxbite                 Hex            88%        N/A       1%          2
 Sublimation of Blood     Necr           44%        N/A       1%          2
 Frozen Ramparts          Ice            88%        1d14      1%          3
 Hailstorm                Conj/Ice       78%        3d16      1%          3
 Inner Flame              Hex/Fire       98%        N/A       1%          3
 Brom's Barrelling Bould  Conj/Erth      80%        2d9       1%          4
 Confusing Touch          Hex            44%        N/A       3%          3
 Tukima's Dance           Hex            44%        N/A       3%          3
 Conjure Ball Lightning   Conj/Air       40%        3x3d13    3%          6
 Yara's Violent Unravell  Hex/Tmut       24%        3d11      8%          5
 Manifold Assault         Tloc           52%        N/A       9%          4
 Passage of Golubria      Tloc           52%        N/A       9%          4
 Petrify                  Tmut/Erth      52%        N/A       9%          4
 Anguish                  Hex/Necr       22%        N/A       13%         4
 Animate Dead             Necr           44%        N/A       13%         4
 Dispel Undead            Necr           44%        3d17      13%         4
 Spellforged Servitor     Conj/Summ      40%        N/A       16%         7
 Borgnjor's Vile Clutch   Necr/Erth      24%        N/A       28%         5
 Dispersal                Tloc           26%        N/A       77%         6
 Death Channel            Necr           22%        N/A       89%         6
 Disjunction              Tloc           26%        N/A       100%        8


Dungeon Overview and Level Annotations

Branches:
Dungeon (15/15)            Temple (1/1) D:6            Lair (4/5) D:10
 Shoals (0/4) Lair:2        Snake (0/4) Lair:3          Orc (0/2) D:10
 Vaults (0/5) D:14         Depths (0/4) D:15        Gauntlet (visited)
  Slime: Lair:4-5

Altars:
Ashenzari
Cheibriados
Dithmenos
Elyvilon
Fedhas
Gozag
Hepliaklqana
Kikubaaqudgha
Makhleb
Nemelex Xobeh
Okawaru
Qazlal
Ru
Sif Muna
Trog
Uskayaw
Vehumet
Wu Jian
Xom
Yredelemnul
Zin
The Shining One

Shops:
D:4 *[[:*   D:10 ?   D:11 =(:

Portals:
Trove: D:11 (give +7 demon blade)

Annotations:
D:13 2 runed translucent doors, kd29's ghost, journeyman TrSh


Message History

Your base attributes are Str 7, Int 25, Dex 14.
Increase (S)trength, (I)ntelligence, or (D)exterity?
You feel clever. x2
Unknown command.
Casting: Fireball (safe; 1% risk of failure)
Confirm with . or Enter, or press ? or * to list all spells.
Aiming: Fireball (safe; 1% risk of failure)
Press: ? - help, Shift-Dir - straight line, f - death yak
Aim: a death yak (lightly wounded)
You feel a strong surge of power!
The fireball explodes!
The fireball engulfs the death yak!!!
The death yak is almost dead.
The fireball engulfs the death yak!!
You kill the death yak!
Vehumet accepts your kill.
You feel your power returning.
The fireball engulfs the death yak!!
The death yak is heavily wounded.
You hear a howl!
Your limbs are stiffening.
Unknown command.
Casting: Fireball (safe; 1% risk of failure)
Confirm with . or Enter, or press ? or * to list all spells.
You feel a surge of power!
You blink.
The rime drake is no longer encased in ice.
The basilisk gazes at you.
Your limbs have turned to stone.
You have turned to stone.
A rime drake comes into view.
The death yak gores you but does no damage.
You feel ready to blink again. The death yak gores you!!
The death yak gores you but does no damage.
The rime drake breathes ice at you. The icy flash freeze hits you!!
You partially resist.
* * * LOW HITPOINT WARNING * * *
You are encased in ice.
The death yak barely misses you. The death yak gores you!
* * * LOW HITPOINT WARNING * * *
The basilisk gazes at you. You resist with almost no effort.
The death yak gores you!!
You die...

*,,,,.,#,...............#..#####
*,,,,..#.#..............P..##*
**,,,,........................#
*,,,,,.....#..................##*
*,,,,,...#......................*
,,,,,,...[...††.k...............#
**,,,,..................)..#.#...
*......#.#.#...Yk...........###.P
*#......#......Y@........#..#....
*#.....#......l.##..............
#.......~~~~....#..............
#.......÷~~~...................
##.......~~~~...................
#......#.~#~~...................
*#....<...~~~~......#...P........
#.........~~~~.#....#............
##........~~~~........#..........


You could see 2 death yaks, a basilisk and 2 rime drakes.

Vanquished Creatures
  Louise (D:14)
  The ghost of Dazliare the Brawler, a journeyman TrFi of Zin (Lair:1)
  2 minotaurs
  Snorg (D:14)
  4 hydras
  A rakshasa (D:15)
  A vault guard (D:14)
  9 centaur warriors
  3 two-headed ogres
  A dancing weapon (D:14)
  A tengu warrior (D:15)
  A death scarab (Gauntlet)
  7 death yaks
  A boulder beetle (D:15)
  2 occultists (D:15)
  A hell knight (D:11)
  A skyshark (Lair:2)
  7 skeletal warriors
  A wolf spider zombie (D:15)
  A necromancer (D:15)
  5 deep elf pyromancers
  An orc sorcerer (D:15)
  8 ugly things
  An oklob plant (Lair:3)
  3 cyclopes
  A manticore (D:12)
  13 elephants
  A moth of wrath (Gauntlet)
  A merfolk siren (Lair:2)
  A black mamba (Lair:1)
  A torpor snail (Gauntlet)
  A centaur zombie (D:15)
  A centaur skeleton (D:15)
  A gargoyle (D:12)
  7 cane toads
  Maggie (D:10)
  3 unseen horrors
  2 kobold demonologists (D:12)
  An unseen horror (shapeshifter) (D:15)
  5 komodo dragons
  A tengu conjurer (D:15)
  A rime drake (Lair:4)
  An efreet (D:14)
  A troll (D:12)
  3 polar bears
  A raiju (Gauntlet)
  12 blink frogs
  11 slime creatures
  A hornet (D:9)
  2 shadows (D:9)
  A centaur simulacrum (D:15)
  25 yaks
  11 wyverns
  5 wraiths
  4 basilisks
  Grum (D:8)
  A redback simulacrum (Gauntlet)
  3 redbacks (Gauntlet)
  2 steam dragons
  8 vampire mosquitoes
  2 harpy simulacra (Gauntlet)
  A naga (Lair:3)
  2 acid dragons
  14 water moccasins
  3 hell hounds (D:11)
  8 orc warriors
  A spectral torpor snail (Gauntlet)
  4 ice beasts
  2 black bears
  A sky beast (D:8)
  5 ogres
  16 wolves
  13 centaurs
  A phantom (D:4)
  6 kobold brigands
  14 bullfrogs
  4 scorpions
  A gnoll sergeant (D:13)
  14 wights
  A hornet simulacrum (D:14)
  5 killer bees
  An electric eel (Lair:4)
  7 howler monkeys
  2 hounds (D:5)
  2 gnoll boudas (D:10)
  9 orc priests
  3 iguanas
  12 orc wizards
  A lightning spire (Gauntlet)
  2 hell rats (Lair:4)
  A boggart simulacrum (Gauntlet)
  10 adders
  15 gnolls
  4 worms
  5 dart slugs
  41 orcs
  6 bats
  8 endoplasms
  5 giant cockroaches
  8 goblins
  8 hobgoblins
  26 kobolds
  4 quokkas
  2 ball pythons
  5 frilled lizards
  4 rats
509 creatures vanquished.

Vanquished Creatures (collateral kills)
  A two-headed ogre (D:8)
  Grinder (D:6)
  An ice beast (D:5)
  An orc priest (D:10)
4 creatures vanquished.

Grand Total: 513 creatures vanquished

Notes
Turn   | Place    | Note
-------+----------+-------------------------------------------
     0 | D:1      | pokeman the Deep Elf Hedge Wizard began the quest for the
                  | Orb.
     0 | D:1      | Reached XP level 1. HP: 10/10 MP: 7/7
   208 | D:1      | Reached XP level 2. HP: 15/15 MP: 7/9
   259 | D:1      | You fall into a shaft and drop 1 floor!
   295 | D:2      | Identified the +2 robe of the Trout {Int+3 Dex+5}
   887 | D:1      | Reached skill level 5 in Spellcasting
   981 | D:1      | Reached XP level 3. HP: 20/20 MP: 11/11
   985 | D:1      | Learned a level 3 spell: Mephitic Cloud
   988 | D:1      | Learned a level 2 spell: Call Imp
   991 | D:1      | Learned a level 2 spell: Blink
  1493 | D:2      | Reached skill level 1 in Armour
  1500 | D:2      | Reached skill level 1 in Fighting
  1602 | D:2      | Reached XP level 4. HP: 24/25 MP: 10/13
  2483 | D:3      | Found a faded altar of an unknown god.
  2701 | D:3      | Identified the +3 short sword of Tez Urgh {vamp, rF+++ rC+
                  | Str+4 Dex-2}
  2868 | D:4      | Found Otaul's General Store.
  2896 | D:4      | Bought a scroll of identify for 24 gold pieces
  2896 | D:4      | Bought a scroll of identify for 24 gold pieces
  3046 | D:4      | Found a glowing golden altar of the Shining One.
  3113 | D:4      | Reached skill level 6 in Spellcasting
  3168 | D:4      | Reached XP level 5. HP: 29/29 MP: 15/15
  3184 | D:4      | Found Zehoneug's Antique Armour Emporium.
  3247 | D:4      | Noticed an ogre
  3266 | D:4      | Killed an ogre
  3267 | D:4      | Reached skill level 1 in Air Magic
  3267 | D:4      | Reached skill level 1 in Poison Magic
  3535 | D:4      | Found Emowash's Armour Shop.
  3549 | D:4      | Noticed a phantom
  3561 | D:4      | Found Nool's Book Emporium.
  3562 | D:4      | Killed a phantom
  3563 | D:4      | Reached XP level 6. HP: 10/34 MP: 13/17
  3826 | D:4      | Found Saschoax's Assorted Antiques.
  3913 | D:4      | Reached skill level 1 in Evocations
  3919 | D:4      | Learned a level 5 spell: Irradiate
  4145 | D:4      | Identified the staff of Voracious Watchfulness {rPois rF+
                  | rN+ Stlth- Fire}
  4218 | D:5      | Entered Level 5 of the Dungeon
  4244 | D:5      | Noticed an ice beast
  4259 | D:5      | Killed an ice beast
  4260 | D:5      | Reached skill level 7 in Spellcasting
  4344 | D:5      | Reached skill level 1 in Transmutations
  4517 | D:5      | Found an ornate altar of the Wu Jian Council.
  4568 | D:5      | Reached XP level 7. HP: 27/39 MP: 20/20
  4570 | D:5      | Reached skill level 1 in Fire Magic
  4784 | D:5      | Reached skill level 8 in Spellcasting
  5068 | D:5      | Found a glowing silver altar of Zin.
  5465 | D:6      | Reached XP level 8. HP: 44/44 MP: 22/22
  5499 | D:6      | Noticed Grinder
  5588 | D:6      | Found a staircase to the Ecumenical Temple.
  5596 | Temple   | Entered the Ecumenical Temple
  5611 | Temple   | Became a worshipper of Vehumet
  5635 | D:6      | Reached skill level 9 in Spellcasting
  5802 | D:6      | Killed Grinder
  5803 | D:6      | Reached skill level 5 in Conjurations
  5803 | D:6      | Reached skill level 1 in Earth Magic
  5986 | D:6      | Reached skill level 10 in Spellcasting
  6400 | D:6      | Found an opulent altar of Gozag.
  6425 | D:6      | Found a snail-covered altar of Cheibriados.
  6529 | D:6      | Reached XP level 9. HP: 48/48 MP: 25/25
  6771 | D:7      | Reached * piety under Vehumet
  6771 | D:7      | Offered knowledge of Sandblast by Vehumet.
  6772 | D:7      | Reached skill level 11 in Spellcasting
  6885 | D:7      | Reached skill level 5 in Fire Magic
  7823 | D:8      | Noticed a two-headed ogre
  7844 | D:8      | Killed a two-headed ogre
  7845 | D:8      | Reached skill level 12 in Spellcasting
  7870 | D:8      | Noticed Grum
  7901 | D:8      | Killed Grum
  7902 | D:8      | Reached XP level 10. HP: 56/56 MP: 28/28
  8119 | D:8      | Noticed a two-headed ogre
  8154 | D:8      | Killed a two-headed ogre
  8154 | D:8      | Offered knowledge of Scorch by Vehumet.
  8155 | D:8      | Reached skill level 13 in Spellcasting
  8188 | D:8      | Reached ** piety under Vehumet
  8199 | D:8      | Noticed a two-headed ogre
  8222 | D:8      | Killed a two-headed ogre
  8444 | D:8      | Found a burning altar of Makhleb.
  9575 | D:9      | Found a shimmering altar of Xom.
  9686 | D:9      | Found a broken altar of Ashenzari.
  9859 | D:9      | Reached skill level 14 in Spellcasting
 10064 | D:9      | Found a sacrificial altar of Ru.
 10066 | D:9      | Found an ancient bone altar of Kikubaaqudgha.
 10147 | D:9      | Noticed a cyclops
 10166 | D:9      | Noticed a brown ugly thing
 10209 | D:9      | Killed a brown ugly thing
 10210 | D:9      | Reached XP level 11. HP: 46/61 MP: 22/31
 10658 | D:9      | Noticed a skeletal warrior
 10719 | D:9      | Killed a skeletal warrior
 10719 | D:9      | Offered knowledge of Volatile Blastmotes by Vehumet.
 10958 | D:10     | Identified the "Vaodgh Qacka"
 10958 | D:10     | Entered Level 10 of the Dungeon
 10958 | D:10     | Found a staircase to the Orcish Mines.
 10958 | D:10     | Found Usue's Magic Scroll Shoppe.
 10969 | D:10     | Reached *** piety under Vehumet
 11094 | D:10     | Reached skill level 15 in Spellcasting
 11227 | D:10     | Offered knowledge of Stone Arrow by Vehumet.
 11323 | D:9      | Learned a level 3 spell: Stone Arrow
 11486 | D:10     | Noticed Maggie
 11498 | D:10     | Killed Maggie
 11588 | D:10     | Found a stormy altar of Qazlal.
 11594 | D:10     | Found a blossoming altar of Fedhas.
 11631 | D:10     | Found a staircase to the Lair.
 11696 | D:10     | Reached skill level 5 in Armour
 12020 | D:11     | Noticed a centaur warrior
 12026 | D:11     | Killed a centaur warrior
 12036 | D:11     | Learned a level 5 spell: Iskenderun's Battlesphere
 12043 | D:11     | Learned a level 6 spell: Bombard
 12098 | D:11     | Noticed a two-headed ogre
 12102 | D:11     | Killed a two-headed ogre
 12233 | D:11     | Found Izahod's Antique Weapon Emporium.
 12246 | D:11     | Found Arphixett's Book Shoppe.
 12303 | D:11     | Reached **** piety under Vehumet
 12304 | D:11     | Reached skill level 16 in Spellcasting
 12491 | D:11     | Offered knowledge of Ignite Poison by Vehumet.
 12541 | D:11     | Found a portal to a secret trove of treasure.
 12918 | D:11     | Found Idijel's Jewellery Shoppe.
 13050 | D:11     | Noticed a hell knight
 13056 | D:11     | Killed a hell knight
 13417 | D:12     | Identified the of Yqarch
 13430 | D:12     | Identified the +0 cloak "Pypsio Wama" {rF++ Regen+ Str-5
                  | Slay+2}
 13445 | D:12     | Reached XP level 12. HP: 57/68 MP: 18/34
 13654 | D:12     | Noticed a centaur warrior
 13657 | D:12     | Reached skill level 5 in Fighting
 13660 | D:12     | Killed a centaur warrior
 14056 | D:4      | Bought a book of the Spheres for 768 gold pieces
 14062 | D:4      | Learned a level 5 spell: Fireball
 14070 | D:4      | Learned a level 7 spell: Orb of Destruction
 14320 | D:12     | Reached skill level 10 in Conjurations
 14642 | D:12     | Reached skill level 17 in Spellcasting
 15287 | D:12     | Identified the +1 robe of the Onion {Str+5 Slay+2 Archmagi}
 15331 | D:13     | Noticed a centaur warrior
 15333 | D:13     | Killed a centaur warrior
 15778 | D:13     | Noticed a centaur warrior
 15779 | D:13     | Noticed a centaur warrior
 15780 | D:13     | Killed a centaur warrior
 15782 | D:13     | Killed a centaur warrior
 16038 | D:13     | Reached skill level 10 in Fire Magic
 16343 | D:13     | Found a large runed translucent door.
 16343 | D:13     | Found a large runed translucent door.
 16345 | D:13     | Noticed kd29's ghost (journeyman TrSh)
 16802 | D:10     | Bought a scroll of identify for 30 gold pieces
 16802 | D:10     | Bought a scroll of identify for 30 gold pieces
 16802 | D:10     | Bought a scroll of teleportation for 45 gold pieces
 17024 | D:14     | Noticed a centaur warrior
 17027 | D:14     | Killed a centaur warrior
 17126 | D:14     | Reached skill level 18 in Spellcasting
 17181 | D:14     | Noticed a centaur warrior
 17183 | D:14     | Killed a centaur warrior
 17190 | D:14     | Noticed a vault guard
 17193 | D:14     | Killed a vault guard
 17193 | D:14     | Reached ***** piety under Vehumet
 17207 | D:14     | Offered knowledge of Ozocubu's Refrigeration by Vehumet.
 17368 | D:14     | Found a gate to the Vaults.
 17546 | D:14     | Noticed Louise
 17552 | D:14     | Reached XP level 13. HP: 74/74 MP: 37/37
 17556 | D:14     | Killed Louise
 17556 | D:14     | Noticed Snorg
 17561 | D:14     | Killed Snorg
 17802 | D:14     | Identified the +8 quarterstaff "Kecogi" {freeze, *Slow
                  | rElec rN++ Int+2}
 18458 | D:4      | Bought a scroll labelled PANAUTHR HOGO for 27 gold pieces
 18458 | D:4      | Bought a brown potion for 24 gold pieces
 18585 | Temple   | Identified a scroll of acquirement
 18628 | Temple   | Acquired 686 gold pieces
 18780 | D:15     | Entered Level 15 of the Dungeon
 18789 | D:15     | Reached skill level 19 in Spellcasting
 19667 | D:15     | Reached skill level 20 in Spellcasting
 19731 | D:15     | Found a staircase to the Depths.
 19918 | Lair:1   | Entered Level 1 of the Lair of Beasts
 19991 | Lair:1   | Reached XP level 14. HP: 80/80 MP: 40/40
 20635 | Lair:1   | Noticed Dazliare's ghost (journeyman TrFi)
 20670 | Lair:1   | Found a runed translucent gate.
 20670 | Lair:1   | Found a runed translucent gate.
 20670 | Lair:1   | Found a runed translucent gate.
 21200 | Lair:1   | Killed Dazliare's ghost
 21767 | Lair:2   | Offered knowledge of Starburst by Vehumet.
 21775 | Lair:2   | Learned a level 6 spell: Starburst
 21883 | Lair:2   | Identified the +9 chain mail of Akyk Dopn {Harm rF+ Dex+4
                  | Slay+3}
 22124 | Lair:2   | Acquired 642 gold pieces
 22284 | Lair:2   | Found a staircase to the Shoals.
 22417 | Lair:3   | Found a staircase to the Snake Pit.
 22425 | Lair:3   | Reached skill level 21 in Spellcasting
 23390 | Lair:4   | Found a gate leading to a gauntlet.
 23399 | Gauntlet | Entered a Gauntlet
 23399 | Gauntlet | Found a transporter.
 23399 | Gauntlet | Found a runed translucent door.
 23400 | Gauntlet | Found a runed translucent door.
 23402 | Gauntlet | Found a transporter.
 23406 | Gauntlet | Found a transporter.
 23411 | Gauntlet | Found a transporter.
 23415 | Gauntlet | Found a transporter.
 23418 | Gauntlet | Found a transporter.
 23423 | Gauntlet | Found a transporter.
 23426 | Gauntlet | Found a transporter.
 23430 | Gauntlet | Found a transporter.
 23435 | Gauntlet | Found a transporter.
 23438 | Gauntlet | Found a transporter.
 23442 | Gauntlet | Found a transporter.
 23447 | Gauntlet | Found a transporter.
 23451 | Gauntlet | Found a transporter.
 23546 | Gauntlet | Identified the +0 pair of gloves of the Forest {+Inv Dex+4}
 23744 | Gauntlet | Identified the +1 helmet "Xeinonal" {rN+}
 23864 | Gauntlet | Identified the ring "Finn" {rCorr Str+2}
 23978 | Gauntlet | Identified the +4 whip "Killer Bee's Doom" {heavy, Fly}
 23991 | Gauntlet | Identified the +3 ring mail of Fun {Will+}
 23991 | Gauntlet | Identified the ring "Ustyrub" {Ice rN++}
 23991 | Gauntlet | Identified the +4 quarterstaff of Desperation {heavy, Drain
                  | rElec rPois Will+}
 24006 | Lair:4   | Reached XP level 15. HP: 33/86 MP: 24/42
 24011 | Lair:4   | Slain by a death yak

Illustrated notes

Levels and vault maps discovered:
D:1:      dpeg_arrival_chambers_temple_mockup, layout_loops_ring
D:2:      layout_rooms, serial_bayou, serial_bayou_pond_b, serial_bayou_pond_a,
          serial_bayou_shore_b, serial_bayou_crossing, serial_bayou_pond_b,
          serial_bayou_pond_e
D:3:      layout_loops_cross, dreamdust_ecumenical_altar_angels_and_demons,
          dreamdust_princess_bridge, hangedman_decor_diamond_cutter,
          amcnicky_mini_rare_corridor_liquid
D:4:      layout_cave_pods, nicolae_tso_carved_into_rock, serial_shops, shop,
          nicolae_shop_hallway_stairs, shop, shop, shop, serial_glass,
          glass_columns_b, glass_columns_a, glass_columns_c, glass_columns_a,
          glass_columns_b, glass_columns_a, serial_bayou_ford_a,
          corexii_item_surrounded_by_moat
D:5:      layout_loops_ring, lemuel_round_altar, mainiacjoe_overflow_chevrons
D:6:      layout_cave_pools, mainiacjoe_overflow_two_lobes,
          minmay_temple_entry_stoned_glass, uniq_grinder
D:7:      layout_basic
D:8:      layout_basic, mainiacjoe_overflow_catwalk,
          ebering_dispersal_statue_hall, uniq_grum
D:9:      wad_guarded_room, layout_long_grid, overflow_temple_1_default,
          amcnicky_altar_gilded, jmf_multi_god_temple
D:10:     layout_rooms, grunt_temple_overflow_forces_of_nature,
          lair_entry_dummy, david_orc_5, serial_shops, shop_statue, uniq_maggie
D:11:     layout_loops_ring, nicolae_trove_entry_free_sample, serial_shops,
          nicolae_shop_window_shopping, shop, shop, minivault_22,
          minmay_rotating_lava
D:12:     minmay_weird_star, layout_loops_ring
D:13:     layout_basic, ebering_ghost_disaster_area
D:14:     layout_irregular_city, erik_vaults_1, minmay_misc_feat_rows,
          uniq_snorg, uniq_louise
D:15:     grunt_enter_depths_magical_seal, layout_cave_pools,
          serial_park_tiny_pond, drop_trap, grunt_ministairs_10
Temple:   hellmonk_temple_beads
Lair:1:   layout_long_grid, maelrawn_ghost_gauntlet_escape, grunt_megastairs_1
Lair:2:   layout_loops_ring, minmay_shoals_entry_lonely_mermaid,
          nicolae_lair_grove_arrangements
Lair:3:   layout_chaotic_city, guppyfry_snake_entry_island, lemuel_old_faithful,
          serial_bayou_shore_b, lemuel_fruit_fields
Lair:4:   minmay_guarded_unrand_snakebite, layout_gridlike, special_room
          [special_room_mythical_zoo], gauntlet_entry_generic,
          grunt_megastairs_4

Skill      XL: |  1  2  3  4  5  6  7  8  9 10 11 12 13 14 |
---------------+-------------------------------------------+-----
Spellcasting   | 5 6 7 8 10 12 14 16 18 20 21 | 21.8
Armour         | 1 3 4 5 6 7 |  7.0
Fighting       | 1 2 3 4 6 7 |  7.4
Conjurations   | 2 3 4 5 7 8 9 11 12 13 | 13.3
Dodging        | 3 |  3.0
Stealth        | 3 |  3.0
Air Magic      | 1 |  1.0
Poison Magic   | 1 |  1.1
Evocations     | 1 |  1.0
Transmutations | 1 |  1.0
Fire Magic     | 2 4 5 7 9 10 11 12 | 12.9
Earth Magic    | 1 |  1.1
Summonings     | |  1.1
Translocations | |  1.1

Action                     |  1- 3 |  4- 6 |  7- 9 | 10-12 | 13-15 || total
---------------------------+-------+-------+-------+-------+-------++-------
  Melee: Dagger            |     6 |       |       |       |       ||     6
         Short sword       |       |    18 |    93 |   162 |       ||   273
         Punch             |       |       |     3 |     5 |       ||     8
         Staff             |       |       |       |     1 |       ||     1
   Cast: Magic Dart        |   106 |   138 |   246 |   214 |     5 ||   709
         Mephitic Cloud    |       |     7 |    25 |    50 |     1 ||    83
         Blink             |       |     2 |     6 |    20 |     5 ||    33
         Call Imp          |       |     3 |    11 |     6 |     2 ||    22
         Irradiate         |       |       |       |    32 |     1 ||    33
         Stone Arrow       |       |       |       |    64 |     4 ||    68
         Iskenderun's Batt |       |       |       |     3 |     3 ||     6
         Fireball          |       |       |       |    70 |   215 ||   285
         Bombard           |       |       |       |       |    17 ||    17
         Starburst         |       |       |       |       |     4 ||     4
  Evoke: Wand              |       |       |       |     5 |     1 ||     6
    Use: Scroll            |       |       |       |       |    28 ||    28
   Stab: Confused          |       |     3 |    15 |    24 |       ||    42
         Sleeping          |       |       |       |     1 |       ||     1
 Armour: Robe              |    14 |    21 |    51 |   134 |    42 ||   262
  Dodge: Dodged            |    17 |    24 |    74 |   138 |    23 ||   276
  Block: Other             |       |     9 |    30 |    42 |    12 ||    93
         Reflection        |       |       |     4 |     3 |     2 ||     9

Table legend: (Time is in decaauts)
 A = Elapsed time spent in this place.
 B = Non-inter-level travel time spent in this place.
 C = Inter-level travel time spent in this place.
 D = Time resting spent in this place.
 E = Time spent auto-exploring this place.
 F = Levels seen in this place.
 G = Mean time per level.
                   A        B        C        D        E       F      G
               +--------+--------+--------+--------+--------+-----+--------+
         Total |  24085 |  22239 |   1846 |   1811 |  16714 |  21 | 1146.9 |
       Dungeon |  19789 |  18014 |   1775 |   1572 |  13556 |  15 | 1319.3 |
        Temple |    190 |    173 |     17 |    102 |      0 |   1 |  190.0 |
          Lair |   3506 |   3453 |     53 |      0 |   3007 |   4 |  876.5 |
      Gauntlet |    599 |    599 |      0 |    137 |    150 |   1 |  599.0 |
               +--------+--------+--------+--------+--------+-----+--------+

Top non-repeatable levels by time:
     D:9: 2081 daAuts
    D:12: 1711 daAuts
     D:8: 1622 daAuts
    D:13: 1601 daAuts
     D:4: 1594 daAuts
    D:11: 1545 daAuts
     D:5: 1426 daAuts
  Lair:1: 1409 daAuts
    D:14: 1363 daAuts
     D:1: 1227 daAuts
     D:7: 1138 daAuts
     D:6: 1107 daAuts
  Lair:2: 1092 daAuts
    D:15: 942 daAuts
     D:2: 889 daAuts
